 Dungeon Crawl Stone Soup version 0.30-a0-1018-g25214051b3 (webtiles) character file.

Game seed: 11809083896135108963

295 DeathPants the Insei (level 6, -1/46 HPs)
             Began as a Demonspawn Transmuter on Apr 7, 2023.
             Slain by Grinder (3 damage)
             ... on level 3 of the Dungeon.
             The game lasted 00:07:58 (2709 turns).

DeathPants the Insei (Demonspawn Transmuter)        Turns: 2709, Time: 00:07:59

Health: -1/46      AC:  8    Str: 12    XL:     6   Next: 11%
Magic:  10/10      EV: 12    Int: 15    God:
Gold:   172        SH:  0    Dex: 13    Spells: 8/11 levels left

rFire   . . .      SeeInvis .      - Unarmed
rCold   . . .      Faith    .    (no shield)
rNeg    . . .      Spirit   .    a - +0 robe
rPois   .          Reflect  .    (helmet currently unavailable)
rElec   .          Rampage  .    (no cloak)
rCorr   .                        (no gloves)
Will    .....                    p - melded +0 pair of boots
Stlth   +                        (no amulet)
HPRegen 0.27/turn                m - +4 ring of protection
MPRegen 0.12/turn                (no ring)

@: appendages (expiring)
A: horns 2, talons 2, yellow scales 1, powered by death 1, demonic magic 1,
demonic touch 1
a: End Transformation


You were on level 3 of the Dungeon.
You had temporarily grown beastly horns and talons.
You visited 1 branch of the dungeon, and saw 6 of its levels.

You collected 172 gold pieces.

Inventory:

Missiles
 h - 2 boomerangs
 n - 2 poisoned darts
Armour
 a - a +0 robe (worn)
 p - a +0 pair of boots (melded)
Jewellery
 m - a +4 ring of protection (left hand)
Scrolls
 c - a scroll of blinking
 l - a scroll of noise {unknown}
 o - a scroll of poison {unknown}
Potions
 b - a potion of lignification
 d - 2 potions of cancellation {unknown}
 e - a potion of brilliance {unknown}
 f - a potion of berserk rage {unknown}
 g - a potion of degeneration {unknown}
 i - a potion of curing {unknown}
 j - 2 potions of might {unknown}
 k - a potion of haste {unknown}


   Skills:
 + Level 2.7 Fighting
 + Level 3.0 Dodging
 + Level 3.6 Unarmed Combat
 + Level 3.2 Spellcasting
 + Level 3.0 Transmutations


You had 8 spell levels left.
You knew the following spells:

 Your Spells              Type           Power      Damage    Failure   Level
a - Beastly Appendage     Tmut           22%        N/A       5%          1
b - Wereblood             Tmut           11%        N/A       9%          2

Your spell library contained the following spells:

 Spells                   Type           Power      Damage    Failure   Level
 Poisonous Vapours        Pois/Air       4%         N/A       30%         2
 Spider Form              Tmut/Pois      7%         N/A       30%         3
 Inner Flame              Hex/Fire       2%         N/A       52%         3
 Mephitic Cloud           Conj/Pois/Air  2%         N/A       52%         3
 Stone Arrow              Conj/Erth      4%         3d7       52%         3
 Ice Form                 Ice/Tmut       7%         N/A       71%         4
 Animate Armour           Summ/Erth      4%         N/A       89%         4
 Flame Wave               Conj/Fire      2%         2d4       89%         4
 Sticky Flame             Conj/Fire      2%         2d3       89%         4
 Freezing Cloud           Conj/Ice/Air   1%         6-21      99%         5
 Lehudib's Crystal Spear  Conj/Erth      1%         10d2      100%        8


Dungeon Overview and Level Annotations

Branches:
Dungeon (6/15)
 Temple: D:4-7

Altars:
Okawaru

Shops:
D:6 [

Annotations:
D:3 Grinder


Innate Abilities, Weirdness & Mutations

You have temporarily grown beastly horns and talons.
You are partially covered in yellow scales. (AC +2)
You regenerate a little health from kills.
Spells you cast may paralyse adjacent enemies.
Your touch may inflict minor irresistible damage on your foes.


Message History

You hit Grinder. Your kick misses Grinder.
You touch Grinder!
Grinder is moderately wounded.
Grinder gestures at you. Pain shoots through your body!
The hobgoblin hits you but does no damage.
You closely miss Grinder. You headbutt Grinder.
You touch Grinder!
Grinder is heavily wounded.
The hobgoblin misses you. Grinder hits you.
* * * LOW HITPOINT WARNING * * *
You writhe in agony.
* * * LOW HITPOINT WARNING * * *
You hit Grinder but do no damage. You headbutt Grinder, but do no damage.
You touch Grinder.
Grinder is severely wounded.
The hobgoblin hits you but does no damage.
Grinder gestures at you.
You suddenly lose the ability to move!
The hobgoblin hits you.
* * * LOW HITPOINT WARNING * * *
Grinder barely misses you.
Your transformation is almost over.
The hobgoblin hits you but does no damage.
Grinder gestures at you.
You shrug off the repeated paralysis!
Grinder gestures at you. You resist with significant effort.
The hobgoblin hits you.
* * * LOW HITPOINT WARNING * * *
The hobgoblin completely misses you. Grinder barely misses you.
You can move again.
You closely miss Grinder. Your kick misses Grinder. Your touch misses Grinder.
Grinder is severely wounded.
The hobgoblin hits you but does no damage.
Grinder hits you.
* * * LOW HITPOINT WARNING * * *
You hit Grinder but do no damage. Your kick misses Grinder.
Grinder is severely wounded.
The hobgoblin completely misses you. Grinder hits you.
* * * LOW HITPOINT WARNING * * *
You writhe in agony.
You die...

#..........<.#.#
...#####.###.#.# ##.###
#.......... ...#
#.#..#..##.
#..#####.#..#..##.
###..#...........##.
....#†###.##.#.###.
#.##.##g##.###.......##.
#......@..[†.#.......<..
####.###5....#.##....###
#.....#.##....#
#.....#.###...
#.....#[.....[ #######
####.# #. #.


You could see Grinder and a hobgoblin.

Vanquished Creatures
  A phantom (D:5)
  An iguana (D:5)
  An orc priest (D:3)
  3 orc wizards
  2 adders
  A shadow imp (D:6)
  A worm (D:3)
  A dart slug (D:1)
  4 orcs
  6 bats
  2 endoplasms
  4 giant cockroaches
  5 goblins
  3 hobgoblins
  9 jackals
  2 quokkas
  3 ball pythons
  14 kobolds
  8 rats
71 creatures vanquished.

Notes
Turn   | Place    | Note
-------+----------+-------------------------------------------
     0 | D:1      | DeathPants the Demonspawn Transmuter began the quest for
                  | the Orb.
     0 | D:1      | Reached XP level 1. HP: 15/15 MP: 3/3
   382 | D:1      | Gained mutation: Your touch may inflict minor irresistible
                  | damage on your foes. [demonic ancestry]
   382 | D:1      | Reached XP level 2. HP: 13/21 MP: 3/5
   837 | D:1      | Gained mutation: You are partially covered in yellow
                  | scales. (AC +2) [demonic ancestry]
   837 | D:1      | Reached XP level 3. HP: 25/26 MP: 4/6
  1438 | D:3      | Noticed Grinder
  1933 | D:3      | You fall into a shaft and drop 3 floors!
  1933 | D:6      | Found Hanuevu's Armour Shop.
  1942 | D:6      | Gained mutation: You regenerate a little health from kills.
                  | [demonic ancestry]
  1942 | D:6      | Reached XP level 4. HP: 31/33 MP: 5/7
  1964 | D:5      | Entered Level 5 of the Dungeon
  2030 | D:5      | Noticed a phantom
  2050 | D:5      | Killed a phantom
  2051 | D:5      | Gained mutation: Spells you cast may paralyse adjacent
                  | enemies. [demonic ancestry]
  2051 | D:5      | Reached XP level 5. HP: 6/38 MP: 6/9
  2213 | D:5      | Learned a level 2 spell: Wereblood
  2250 | D:5      | Found an iron altar of Okawaru.
  2271 | D:5      | Noticed a yak
  2504 | D:3      | Reached XP level 6. HP: 46/46 MP: 7/10
  2696 | D:3      | Paralysed by Grinder for 5 turns
  2703 | D:3      | Paralysed by Grinder for 5 turns
  2709 | D:3      | HP: 2/46 [Grinder (1)]
  2709 | D:3      | Slain by Grinder

Illustrated notes

Levels and vault maps discovered:
D:1:      dpeg_arrival_arbitrary_b, layout_basic,
          chequers_serial_rivers_large_b, chequers_decorated_corner
D:2:      layout_basic
D:3:      layout_loops_cross, uniq_grinder
D:4:      layout_loops_ring, gammafunk_ghost_abyssal_escape,
          minmay_misc_feat_tiny
D:5:      minmay_goblin_kobold_castle, layout_loops_cross, lemuel_round_altar,
          lemuel_tele_altar, serial_shops, shop_coins, uniq_eustachio
D:6:      layout_gridville, temple_statues, serial_shops, shop,
          nicolae_square_shop, nicolae_diamond_shop, nicolae_shop_statue_plus

Skill      XL: |  1  2  3  4  5  6 |
---------------+-------------------+-----
Dodging        | 2 3 |  3.0
Transmutations | 2 3 |  3.0
Unarmed Combat | 3 |  3.6
Fighting       | 2 |  2.7
Spellcasting   | 3 |  3.2

Action                     |  1- 3 |  4- 6 || total
---------------------------+-------+-------++-------
  Melee: Unarmed           |   106 |    79 ||   185
         Kick              |    23 |    13 ||    36
         Headbutt          |    11 |    11 ||    22
         Touch             |    13 |    11 ||    24
         Punch             |     1 |       ||     1
   Cast: Beastly Appendage |    27 |    14 ||    41
         Wereblood         |       |     1 ||     1
    Use: Scroll            |       |     2 ||     2
   Stab: Sleeping          |     1 |       ||     1
         Paralysed         |       |     2 ||     2
 Armour: Robe              |    27 |    44 ||    71
  Dodge: Dodged            |    69 |    48 ||   117

Table legend: (Time is in decaauts)
 A = Elapsed time spent in this place.
 B = Non-inter-level travel time spent in this place.
 C = Inter-level travel time spent in this place.
 D = Time resting spent in this place.
 E = Time spent auto-exploring this place.
 F = Levels seen in this place.
 G = Mean time per level.
                   A        B        C        D        E       F      G
               +--------+--------+--------+--------+--------+-----+--------+
         Total |   2725 |   2693 |     32 |      0 |   1960 |   6 |  454.2 |
       Dungeon |   2725 |   2693 |     32 |      0 |   1960 |   6 |  454.2 |
               +--------+--------+--------+--------+--------+-----+--------+

Top non-repeatable levels by time:
     D:1: 1103 daAuts
     D:2: 800 daAuts
     D:3: 386 daAuts
     D:5: 325 daAuts
     D:4: 79 daAuts
     D:6: 30 daAuts
